 Dungeon Crawl Stone Soup version 0.21.1-1-g345015f (webtiles) character file.

28 shakethe the Ducker (level 3, 20/28 HPs)
             Began as a Demonspawn Gladiator on Feb 25, 2018.
             Quit the game on level 1 of the Dungeon.
             The game lasted 00:00:40 (285 turns).

shakethe the Ducker (Demonspawn Gladiator)           Turns: 285, Time: 00:00:41

Health: 20/28      AC:  4    Str: 14    XL:     3   Next: 0%
Magic:  3/3        EV: 15    Int: 10    God:
Gold:   39         SH:  0    Dex: 14    Spells: 2/2 levels left

rFire    . . .     SeeInvis .   a - +0 war axe
rCold    . . .     Gourm    .   (no shield)
rNeg     . . .     Faith    .   b - +0 leather armour
rPois    .         Spirit   .   c - +0 helmet
rElec    .         Reflect  .   (no cloak)
rCorr    .         Harm     .   (no gloves)
MR       .....                  (no boots)
Stlth    ++........             (no amulet)
HPRegen  0.09/turn              (no ring)
MPRegen  0.08/turn              (no ring)

@: no status effects
A: repulsion field 1, nightstalker 1
a: no special abilities


You were on level 1 of the Dungeon.
You were not hungry.

You visited 1 branch of the dungeon, and saw 1 of its levels.

You collected 39 gold pieces.

Inventory:

Hand Weapons
 a - a +0 war axe (weapon)
Missiles
 d - 3 throwing nets {=f, !d}
Armour
 b - a +0 leather armour (worn)
 c - a +0 helmet (worn)
Scrolls
 e - a scroll of noise {unknown}
 h - a scroll of enchant weapon {unknown}
Potions
 g - a potion of magic {unknown}
Comestibles
 f - 4 rations


   Skills:
 + Level 2.4 Fighting
 * Level 3.0 Axes
 - Level 2.1 Throwing
 - Level 3.0 Dodging


You had 2 spell levels left.
You didn't know any spells.

Dungeon Overview and Level Annotations

Branches:
Dungeon (1/15)

Altars:


Innate Abilities, Weirdness & Mutations

You are surrounded by a mild repulsion field. (EV +2)
You are slightly more attuned to the shadows.


Message History

You are too injured to fight recklessly!
A dart slug is nearby!
You are too injured to fight recklessly!
You are too injured to fight recklessly!
You are too injured to fight recklessly!
You are too injured to fight recklessly!
You are too injured to fight recklessly!
You are too injured to fight recklessly!
You are too injured to fight recklessly!
You are too injured to fight recklessly!
You are too injured to fight recklessly!
The dart slug bites you.
You take 2 damage, and have 12/23 hp.
You slash the dart slug! The dart slug launches a dart at you.
The slug dart hits you!
You hit the dart slug.
You kill the dart slug!
Your Dodging skill increases to level 3!
A rat comes into view.
A rat comes into view.
The rat closely misses you.
A rat comes into view.
The rat misses you. The rat closely misses you.
A hobgoblin comes into view. It is wielding a club.
The hobgoblin shouts!
The hobgoblin hits you but does no damage.
A goblin comes into view.
The goblin shouts!
You closely miss the hobgoblin.
The rat twitches its whiskers.
The hobgoblin hits you with a club.
You take 1 damage, and have 13/23 hp.
You closely miss the hobgoblin. The hobgoblin closely misses you.
You hit the hobgoblin.
You kill the hobgoblin!
Your Axes skill increases to level 3!
The rat barely misses you.
You barely miss the rat. You hit the rat but do no damage.
The rat closely misses you. The rat bites you. The rat closely misses you.
You take 2 damage, and have 11/23 hp.
You completely miss the rat. You hit the rat but do no damage.
The rat misses you. The rat bites you but does no damage.
The rat closely misses you.
You slash the rat!
You kill the rat!
You closely miss the rat. The rat misses you. x2
The rat completely misses you.
You slash the rat!
You kill the rat!
You hit the rat.
You kill the rat!
You slash the goblin!
You kill the goblin!
Items here: ) †††† a club; a goblin corpse; a rat corpse x2; a hobgoblin corpse
g - a pink potion
h - a scroll labeled TEIPOJ KOR XUA No target in view!
No target in view!
No target in view!
No target in view!
No target in view!
No target in view!
No target in view!
No target in view!
No target in view!
A goblin comes into view.
The helpless goblin fails to defend itself.
You slash the goblin!
You kill the goblin!
No target in view!
No target in view!
No target in view!
No target in view!
No target in view!
No target in view!
No target in view!
No target in view!
No target in view!
No target in view!
No target in view!
No target in view!
f - 4 rations (gained 1)
A frilled lizard comes into view.
You regained 2 hp, and now have 16/23 hp.
The frilled lizard bites you but does no damage.
You barely miss the frilled lizard.
The frilled lizard completely misses you.
The frilled lizard misses you.
You hit the frilled lizard.
You kill the frilled lizard!
You have reached level 3!
Your experience leads to an increase in your attributes!
Increase (S)trength, (I)ntelligence, or (D)exterity?
You feel clever.
Your demonic ancestry asserts itself...
You slip into the darkness of the dungeon.
You regained 4 hp, and now have 20/28 hp.
MP restored: 3

#.######.#####.##
#.# #.## #.# #..#
#.# ##.# #.# #.##
#.# #..# #.#
##.###.# #..##†#
##.##@# #.##.#
######.##.#
...........#
.######..#.#
##.#.# ....#
###.## ..


There were no monsters in sight!

Vanquished Creatures
  A dart slug (D:1)
  4 goblins (D:1)
  2 hobgoblins (D:1)
  4 jackals (D:1)
  3 bats (D:1)
  A frilled lizard (D:1)
  5 kobolds (D:1)
  3 rats (D:1)
23 creatures vanquished.

Notes
Turn   | Place    | Note
-------+----------+-------------------------------------------
     0 | D:1      | shakethe the Demonspawn Gladiator began the quest for the Orb.
     0 | D:1      | Reached XP level 1. HP: 16/16 MP: 1/1
    91 | D:1      | Reached skill level 2 in Throwing
    91 | D:1      | Gained mutation: You are surrounded by a mild repulsion field. (EV +2) [demonic ancestry]
    91 | D:1      | Reached XP level 2. HP: 17/22 MP: 2/2
   180 | D:1      | Reached skill level 3 in Dodging
   209 | D:1      | Reached skill level 3 in Axes
   284 | D:1      | Gained mutation: You are slightly more attuned to the shadows. [demonic ancestry]
   284 | D:1      | Reached XP level 3. HP: 20/28 MP: 3/3
   285 | D:1      | Quit the game

Skill      XL: |  1  2 |
---------------+-------+-----
Throwing       | 2 |  2.1
Dodging        | 3 |  3.0
Axes           | 3 |  3.0
Fighting       | |  2.4

Action                   || total
-------------------------++-------
Melee: War axe           ||    58
 Stab: Sleeping          ||     1
Armor: Leather armour    ||    34
Dodge: Dodged            ||    59

Vault maps used:
D:1:      dpeg_arrival_ratfight, minmay_split_cup_large

Table legend:
 A = Turns spent in this place as a percentage of turns spent in the entire game.
 B = Non-inter-level travel turns spent in this place as a percentage of non-inter-level travel turns spent in the entire game.
 C = Inter-level travel turns spent in this place as a percentage of turns spent in this place.
 D = Turns resting spent in this place as a percentage of non-inter-level travel turns spent in this place.
 E = Turns spent auto-exploring this place as a percentage of non-inter-level travel turns spent in this place.
 F = Non-inter-level travel turns spent in this place divided by the number of levels of this place that you've seen.
                   A       B       C       D       E      F
               +-------+-------+-------+-------+-------+----------------------
         Total | 100.0 | 100.0 |   0.0 |   0.0 |  43.5 | 285.0
       Dungeon | 100.0 | 100.0 |   0.0 |   0.0 |  43.5 | 285.0
               +-------+-------+-------+-------+-------+----------------------

Table legend:
 A = Kills in this place as a percentage of kills in entire the game.
 B = Kills by you in this place as a percentage of kills by you in the entire game.
 C = Kills by friends in this place as a percentage of kills by friends in the entire game.
 D = Other kills in this place as a percentage of other kills in the entire game.
 E = Experience gained in this place as a percentage of experience gained in the entire game.
 F = Experience gained in this place divided by the number of levels of this place that you have seen.
                   A       B       C       D       E      F
               +-------+-------+-------+-------+-------+----------------------
         Total | 100.0 | 100.0 |   N/A |   N/A | 100.0 |  41.0
       Dungeon | 100.0 | 100.0 |   N/A |   N/A | 100.0 |  41.0
               +-------+-------+-------+-------+-------+----------------------
